 Dungeon Crawl Stone Soup version 0.24-a0-525-g9231cdcba1 (webtiles) character file.

Game seed: 4843684574511820653

113 Essalna the Vandal (level 5, 0/36 HPs)
             Began as a Halfling Hunter on Aug 4, 2019.
             Slain by an orc
             ... wielding a +0 dagger
              (5 damage)
             ... on level 3 of the Dungeon.
             The game lasted 00:03:52 (1381 turns).

Essalna the Vandal (Halfling Hunter)                Turns: 1381, Time: 00:03:53

Health: 0/36       AC:  3    Str: 13    XL:     5   Next: 17%
Magic:  5/5        EV: 14    Int: 10    God:
Gold:   88         SH:  0    Dex: 15    Spells: 4/4 levels left

rFire    . . .     SeeInvis .   a - +1 hunting sling
rCold    . . .     Gourm    .   (shield restricted)
rNeg     . . .     Faith    .   c - +0 leather armour
rPois    .         Spirit   .   (no helmet)
rElec    .         Reflect  .   (no cloak)
rCorr    .         Harm     .   (no gloves)
MR       .....                  (no boots)
Stlth    ++........             (no amulet)
HPRegen  0.12/turn              (no ring)
MPRegen  0.09/turn              (no ring)

@: no status effects
A: small, mutation resistance 1
a: no special abilities


You were on level 3 of the Dungeon.
You were not hungry.

You visited 1 branch of the dungeon, and saw 3 of its levels.

You collected 88 gold pieces.

Inventory:

Hand Weapons
 a - a +1 hunting sling (weapon)
 b - a +0 short sword
Missiles
 e - 94 stones (quivered)
Armour
 c - a +0 leather armour (worn)
 i - a +0 buckler
Scrolls
 h - a scroll of magic mapping {unknown}
 j - 2 scrolls of teleportation {unknown}
 k - a scroll of enchant armour {unknown}
 l - a scroll of enchant weapon {unknown}
 q - a scroll of immolation {unknown}
Potions
 g - 3 potions of might {unknown}
 m - a potion of agility {unknown}
 n - a potion of heal wounds {unknown}
 o - a potion of lignification {unknown}
 p - a potion of haste {unknown}
 r - a potion of degeneration {unknown}
Comestibles
 f - 4 rations


   Skills:
 + Level 3.3 Fighting
 + Level 7.4 Slings
 + Level 0.2 Armour
 + Level 2.3 Dodging
 - Level 1.1 Stealth


You had 4 spell levels left.
You didn't know any spells.
Your spell library was empty.

Dungeon Overview and Level Annotations

Branches:
Dungeon (3/15)

Altars:


Innate Abilities, Weirdness & Mutations

You are small and have problems with some larger weapons.
You are somewhat resistant to further mutation.


Message History

Aim: a jackal (almost dead)
You shoot a stone. The stone hits the jackal.
You kill the jackal!
Firing (i - inventory)
e - 96 stones (quivered)
Press: ? - help, Shift-Dir - straight line, f - orc priest
Aim: an orc priest, wielding a +0 flail and wearing a +0 ring mail You shoot a stone.
The stone hits the orc.
The orc is heavily wounded.
The jackal bites you.
* * * LOW HITPOINT WARNING * * *
Firing (i - inventory)
e - 95 stones (quivered)
Press: ? - help, Shift-Dir - straight line, f/p - orc priest
Aim: an orc priest, wielding a +0 flail and wearing a +0 ring mail You shoot a stone.
The stone hits the orc priest but does no damage.
The orc wizard casts a spell.
The orc wizard blinks!
The jackal bites you but does no damage.
The orc priest closely misses you. The orc hits you with a +0 dagger.
You die...

?..o.§.........
#o....# #.###.# #.#
.# #.###.# #.....#
###..§## ####
####...ooo# #..
#........#@# #.#
#.###.#.)#h####.###
.................#
.##.....#.####.#.#
##.#..#.# #.#<#
.......(# #.[..
######.### #.....
#.# #.#.### #.#
#.#.#


You could see an orc priest, 2 orcs and a jackal.

Vanquished Creatures
  Natasha (D:2)
  A gnoll (D:2)
  3 adders
  2 worms (D:2)
  2 dart slugs
  2 leopard geckos
  6 bats
  A giant cockroach (D:2)
  5 hobgoblins
  A jackal (D:3)
  2 quokkas (D:2)
  A frilled lizard (D:1)
  5 goblins
  5 kobolds
  5 rats
42 creatures vanquished.

Notes
Turn   | Place    | Note
-------+----------+-------------------------------------------
     0 | D:1      | Essalna the Halfling Hunter began the quest for the Orb.
     0 | D:1      | Reached XP level 1. HP: 14/14 MP: 1/1
    64 | D:1      | Reached skill level 6 in Slings
   187 | D:1      | Reached XP level 2. HP: 19/19 MP: 2/2
   774 | D:2      | Reached XP level 3. HP: 25/25 MP: 3/3
   875 | D:2      | Reached XP level 4. HP: 19/30 MP: 4/4
   914 | D:2      | Reached skill level 7 in Slings
  1100 | D:2      | Noticed Natasha
  1117 | D:2      | Killed Natasha
  1117 | D:2      | Reached XP level 5. HP: 24/36 MP: 5/5
  1381 | D:3      | Slain by an orc

Levels and vault maps discovered:
D:1:      dpeg_arrival_erosion, layout_basic
D:2:      layout_rooms, minmay_heptomino_l4, uniq_natasha
D:3:      layout_loops_cross, minitemple, nicolae_gozag_seed_capital,
          uniq_terence, uniq_ijyb, uniq_robin

Skill      XL: |  1  2  3  4 |
---------------+-------------+-----
Fighting       | 2 3 |  3.3
Slings         | 6 7 |  7.4
Armour         | |  0.2
Dodging        | |  2.3
Stealth        | |  1.1

Action                   |  1- 3 |  4- 6 || total
-------------------------+-------+-------++-------
 Fire: Hunting sling     |    57 |    82 ||   139
  Eat: Chunk             |       |     1 ||     1
Armor: Leather armour    |       |     5 ||     5
Dodge: Dodged            |     5 |    26 ||    31

Table legend:
 A = Non-vault XP
 B = Vault XP
 C = Vault XP percentage of total XP
 D = Non-vault monster count
 E = Vault monster count
 F = Vault count percentage of total count
                 A         B        C        D         E       F
            +---------+---------+-------+---------+---------+-------
      Total |     108 |      54 |  33.3 |      37 |       5 |  11.9
            +---------+---------+-------+---------+---------+-------
        D:1 |      24 |       0 |   0.0 |      14 |       0 |   0.0
        D:2 |      67 |      54 |  44.6 |      20 |       5 |  20.0
        D:3 |      17 |       0 |   0.0 |       3 |       0 |   0.0
            +---------+---------+-------+---------+---------+-------
